 Dungeon Crawl Stone Soup version 0.30.1-4-g462c640d31 (webtiles) character file.

Game seed: 9251010760626532434

697 Wiggles the Chopper (level 7, 0/62 HPs)
             Began as a Minotaur Berserker on Aug 29, 2023.
             Was a Priest of Trog.
             Slain by a water moccasin (5 damage)
             ... on level 6 of the Dungeon.
             The game lasted 00:05:20 (4032 turns).

Wiggles the Chopper (Minotaur Berserker)            Turns: 4032, Time: 00:05:21

Health: 0/62       AC: 11    Str: 24    XL:     7   Next: 38%
Magic:  6/6        EV:  9    Int:  4    God:    Trog [***...]
Gold:   264        SH:  0    Dex:  9    Spells: 6/6 levels left

rFire   . . .        a - +0 hand axe
rCold   . . .        (no shield)
rNeg    + . .        u - +0 chain mail
rPois   .            (helmet restricted)
rElec   .            (no cloak)
rCorr   .            i - +0 pair of gloves
SInv    .            m - +0 pair of boots
Will    .....        (no amulet) Stlth
                     v - ring of positive energy
HPRegen 0.30/turn    (no ring)
MPRegen 0.10/turn

%: no passive effects
@: lethally poisoned (0 -> -3)
A: horns 2, retaliatory headbutt
a: Renounce Religion, Berserk, Trog's Hand


You were on level 6 of the Dungeon.
You worshipped Trog.
Trog was most pleased with you.
You visited 1 branch of the dungeon, and saw 6 of its levels.

You collected 264 gold pieces.

Inventory:

Hand Weapons
 a - a +0 hand axe (weapon)
Armour
 i - a +0 pair of gloves (worn)
 m - a +0 pair of boots (worn)
 u - a +0 chain mail (worn)
Jewellery
 o - a ring of ice
 v - a ring of positive energy (left hand)
Wands
 y - a wand of mindburst (9)
 z - a wand of flame (23)
Scrolls
 c - 9 scrolls of identify {unknown}
 e - 2 scrolls of poison {unknown}
 f - a scroll of fog {unknown}
 g - 2 scrolls of acquirement {unknown}
 h - 2 scrolls of teleportation {unknown}
 j - a scroll of immolation {unknown}
 k - a scroll of vulnerability {unknown}
 l - 3 scrolls of silence {unknown}
 p - 2 scrolls of fear {unknown}
 r - 2 scrolls of noise {unknown}
 s - a scroll of enchant weapon {unknown}
 A - a scroll of enchant armour {unknown}
Potions
 b - a potion of heal wounds {unknown}
 d - 2 potions of ambrosia {unknown}
 n - 2 potions of might {unknown}
 q - 2 potions of attraction {unknown}
 t - a potion of curing {unknown}
 w - 3 potions of flight {unknown}
 x - a potion of cancellation {unknown}


   Skills:
 + Level 5.7 Fighting
 + Level 7.6 Axes
 + Level 4.3 Armour
 + Level 3.6 Dodging
 + Level 1.3 Stealth


You had 6 spell levels left.
You didn't know any spells.
Your spell library was empty.

Dungeon Overview and Level Annotations

Branches:
Dungeon (6/15)
 Temple: D:4-7

Altars:
Cheibriados
Qazlal
Xom

Shops:
D:1 (


Innate Abilities, Weirdness & Mutations

You have a pair of horns on your head.
You reflexively headbutt those who attack you in melee.


Message History

You feel sick.
The water moccasin bites you but does no damage.
You closely miss the water moccasin.
The water moccasin is severely wounded.
You feel sick. The water moccasin closely misses you.
The water moccasin bites you but does no damage.
You closely miss the water moccasin.
The water moccasin is severely wounded.
You feel sick. The water moccasin bites you.
You are more poisoned.
The water moccasin poisons you!
You closely miss the water moccasin.
Your headbutt misses the water moccasin.
The water moccasin is severely wounded.
You feel very sick.
The water moccasin bites you but does no damage.
You miss the water moccasin.
The water moccasin is severely wounded.
You feel sick. The water moccasin bites you.
The water moccasin bites you but does no damage.
You miss the water moccasin.
Your headbutt misses the water moccasin.
The water moccasin is severely wounded.
You feel very sick.
The water moccasin bites you but does no damage.
You barely miss the water moccasin.
The water moccasin is severely wounded.
You feel sick. The water moccasin bites you.
* * * LOW HITPOINT WARNING * * *
You hit the water moccasin but do no damage.
Your headbutt misses the water moccasin.
The water moccasin is heavily wounded.
You feel sick. The water moccasin bites you.
* * * LOW HITPOINT WARNING * * *
You slash the water moccasin!
The water moccasin is almost dead.
You feel sick. The water moccasin bites you.
* * * LOW HITPOINT WARNING * * *
The water moccasin bites you.
You die...

....# #b...#
#....### ###......
+......# #.....#
#####....#
#.$S@....# #..
#..####....##.....
####<.......
###...... .....
.... ... $. .


You could see a water moccasin.

Vanquished Creatures
  A phantom (D:5)
  The ghost of Oharrowofmine the Gusty, an amateur DEAE (D:3)
  A wyvern zombie (D:3)
  A jelly (D:5)
  2 orc priests
  A centaur skeleton (D:3)
  2 hounds (D:5)
  3 iguanas
  2 orc wizards (D:3)
  5 gnolls
  An adder (D:2)
  A white imp (D:6)
  2 ufetubi (D:5)
  2 dart slugs (D:3)
  17 orcs
  5 endoplasms
  A giant cockroach (D:4)
  6 hobgoblins
  4 jackals
  A quokka (D:5)
  9 ball pythons
  3 bats
  4 frilled lizards
  11 goblins
  10 kobolds
  4 rats
100 creatures vanquished.

Notes
Turn   | Place    | Note
-------+----------+-------------------------------------------
     0 | D:1      | Wiggles the Minotaur Berserker began the quest for the Orb.
     0 | D:1      | Reached XP level 1. HP: 19/19 MP: 0/0
   211 | D:1      | Reached XP level 2. HP: 27/27 MP: 1/1
   320 | D:1      | Found Ditumm's Weapon Shoppe.
   327 | D:1      | Reached skill level 4 in Axes
   542 | D:1      | Found a faded altar of an unknown god.
   625 | D:1      | Reached ** piety under Trog
   873 | D:2      | Reached XP level 3. HP: 33/33 MP: 2/2
  1737 | D:3      | Reached XP level 4. HP: 41/41 MP: 3/3
  1744 | D:3      | Reached skill level 5 in Axes
  1812 | D:3      | Reached skill level 5 in Fighting
  1851 | D:3      | Found a shimmering altar of Xom.
  1971 | D:3      | Reached XP level 5. HP: 48/48 MP: 4/4
  1971 | D:3      | Reached *** piety under Trog
  2008 | D:3      | Found a runed translucent gate.
  2008 | D:3      | Found a runed translucent gate.
  2009 | D:3      | Found a runed translucent gate.
  2011 | D:3      | Noticed Oharrowofmine's ghost (amateur DEAE)
  2225 | D:3      | Killed Oharrowofmine's ghost
  2226 | D:3      | Reached skill level 6 in Axes
  2226 | D:3      | Reached skill level 1 in Stealth
  2226 | D:3      | Reached XP level 6. HP: 56/56 MP: 5/5
  2422 | D:4      | Found a stormy altar of Qazlal.
  3127 | D:4      | Found a snail-covered altar of Cheibriados.
  3332 | D:5      | Entered Level 5 of the Dungeon
  3356 | D:5      | Reached skill level 7 in Axes
  3356 | D:5      | Reached XP level 7. HP: 44/61 MP: 6/6
  4032 | D:6      | Slain by a water moccasin

Illustrated notes

Levels and vault maps discovered:
D:1:      doesnt_arrival_eight_statues, layout_loops_corners,
          ebering_ecumenical_altar_petrified, serial_shops, shop
D:2:      layout_loops_ring, cheibrodos_gnoll_hut
D:3:      layout_rooms, general_overflow_altar, gammafunk_ghost_necromancy,
          serial_glass, glass_columns_b, glass_columns_b, glass_columns_a,
          glass_columns_c, glass_columns_c, glass_columns_b, glass_columns_a,
          glass_columns_c, glass_columns_a, glass_columns_a, glass_columns_b,
          glass_columns_b, glass_columns_b, glass_columns_a
D:4:      layout_basic, mainiacjoe_overflow_brackets, chei_slow_surprise,
          feat_on_display
D:5:      layout_basic
D:6:      layout_basic, zin_treasury, mainiacjoe_overflow_alcove_1,
          minmay_temple_entry_butterflies, serial_shops,
          nicolae_shop_hallway_plus

Skill      XL: |  1  2  3  4  5  6  7 |
---------------+----------------------+-----
Fighting       | 4 5 |  5.7
Axes           | 4 5 6 7 |  7.6
Armour         | 3 4 |  4.3
Dodging        | 3 |  3.6
Stealth        | 1 |  1.3

Action                     |  1- 3 |  4- 6 |  7- 9 || total
---------------------------+-------+-------+-------++-------
  Melee: Hand axe          |    86 |   100 |    46 ||   232
         Headbutt          |    14 |    15 |     2 ||    31
         Punch             |     3 |       |       ||     3
 Invoke: Berserk           |       |     3 |       ||     3
   Stab: Sleeping          |     1 |       |       ||     1
 Armour: Animal skin       |     7 |       |       ||     7
         Leather armour    |    15 |     2 |       ||    17
         Ring mail         |       |    16 |       ||    16
         Chain mail        |       |    30 |    20 ||    50
  Dodge: Dodged            |    60 |    52 |    18 ||   130
